 Dungeon Crawl Stone Soup version 0.28-a0-1184-g53156a8862 (webtiles) character file.

Game seed: 3047880026702511371

20055 ytrimaz the Martial Artist (level 12, -22/85 HPs)
             Began as an Octopode Transmuter on Dec 17, 2021.
             Was a Believer of Ashenzari.
             Annihilated by a boulder beetle (48 damage)
             ... on level 12 of the Dungeon.
             The game lasted 00:20:41 (19290 turns).

ytrimaz the Martial Artist (Octopode Transmuter)   Turns: 19290, Time: 00:20:42

Health: -22/85     AC:  2    Str:  5    XL:     12   Next: 75%
Magic:  32/35      EV: 29    Int: 24    God:    Ashenzari [**....]
Gold:   1102       SH:  5    Dex: 17    Spells: 22/32 levels left

rFire   . . .      SeeInvis +     - Unarmed
rCold   + . .      Faith    .   (shield currently unavailable)
rNeg    . . .      Spirit   .   (helmet currently unavailable)
rPois   x          Reflect  +   a - amulet "Bound Together" {Reflect rElec rC+ Str-5 Int+2 SH+5, Melee, Cun} (curse)
rElec   +          Harm     .   i - ring "Sublime Polytheism" {MP+9, Cun, Evo} (curse)
rCorr   .          Rampage  .   b - ring "Restrained Frustration" {Wiz, Self, Elem} (curse)
Will    .....                   p - ring of the Elysian Sage {EV+4, Cun, Alch} (curse)
Stlth   ++........              (no ring)
HPRegen 0.24/turn               (no ring)
MPRegen 0.24/turn               (no ring)
                                (no ring)
                                (no ring)

@: about to teleport, spider-form
A: venomous fangs, almost no armour, (amphibious), 8 rings, tiny, (camouflage
1), (gelatinous body 1), (nimble swimmer 1), (tentacles), clever 1
a: End Transformation, Renounce Religion, Curse Item, Shatter the Chains


You were on level 12 of the Dungeon.
You worshipped Ashenzari.
Ashenzari was pleased with you.
You were a venomous arachnid creature.
You visited 2 branches of the dungeon, and saw 13 of its levels.
You also visited: Sewer.

You collected 1751 gold pieces.
You spent 649 gold pieces at shops.

Inventory:

Armour
 o - the cursed +3 hat of Pondering (melded) {ponderous, Will+ MP+10 Int+5, Alch, Evo}
   (You bought it in a shop on level 6 of the Dungeon)

   Int:       It affects your intelligence (+5).
   MP:        It affects your magic capacity (+10).
   Will:      It increases your willpower.
   It has a curse which improves the following skills: Alchemy: Poison Magic and
   Transmutations.
   Evocations: Evocations.
Jewellery
 a - the cursed amulet "Bound Together" (around neck) {Reflect rElec rC+ Str-5 Int+2 SH+5, Melee, Cun}
   (You acquired it on level 5 of the Dungeon)

   [amulet of reflection]

   It reflects blocked missile attacks.
   Str:       It affects your strength (-5).
   Int:       It affects your intelligence (+2).
   rC:        It protects you from cold.
   rElec:     It insulates you from electricity.
   SH:        It affects your SH (+5).
   It has a curse which improves the following skills: Melee Combat: Short
   Blades, Long Blades, Axes, Maces & Flails, Polearms, Staves and Unarmed
   Combat.
   Cunning:   Dodging and Stealth.
 b - the cursed ring "Restrained Frustration" (right front leg) {Wiz, Self, Elem}
   (You bought it in a shop on level 6 of the Dungeon)

   [ring of wizardry]

   It improves your spell success rate.
   It has a curse which improves the following skills: Introspection: Fighting
   and Spellcasting.
   Elements:  Fire Magic, Ice Magic, Air Magic and Earth Magic.
 i - the cursed ring "Sublime Polytheism" (left front leg) {MP+9, Cun, Evo}
   (You found it on level 6 of the Dungeon)

   [ring of magical power]

   MP:        It affects your magic capacity (+9).
   It has a curse which improves the following skills: Cunning: Dodging and
   Stealth.
   Evocations: Evocations.
 p - the cursed ring of the Elysian Sage (on tentacle) {EV+4, Cun, Alch}
   (You found it on level 7 of the Dungeon)

   [ring of evasion]

   EV:        It affects your evasion (+4).
   It has a curse which improves the following skills: Cunning: Dodging and
   Stealth.
   Alchemy:   Poison Magic and Transmutations.
Wands
 h - a wand of mindburst (7)
 k - a wand of flame (9)
 r - a wand of iceblast (8)
 t - a wand of polymorph (8)
Scrolls
 c - a scroll of silence
 j - 2 scrolls of fear
 l - 2 scrolls of enchant weapon
 q - a scroll of fog
 s - 2 scrolls of teleportation
Potions
 d - a potion of cancellation
 e - 3 potions of mutation
 f - a potion of brilliance
 g - 6 potions of flight
 n - 3 potions of attraction
 u - a potion of magic


   Skills:
 * Level 7.8(9.3) Fighting
 + Level 5.1(8.1) Dodging
 - Level 1.3 Shields
 + Level 11.7(13.1) Unarmed Combat
 * Level 9.1(10.6) Spellcasting
 * Level 9.4(10.9) Transmutations
 * Level 8.3(9.8) Poison Magic


You had 22 spell levels left.
You knew the following spells:

 Your Spells              Type           Power      Damage    Failure   Level
a - Beastly Appendage     Tmut           100%       N/A       1%          1
b - Wereblood             Tmut           60%        N/A       1%          2
c - Spider Form           Tmut/Pois      58%        N/A       1%          3
d - Ice Form              Ice/Tmut       39%        N/A       6%          4

Your spell library contained the following spells:

 Spells                   Type           Power      Damage    Failure   Level
 Alistair's Intoxication  Tmut/Pois      38%        N/A       3%          5
 Apportation              Tloc           24%        N/A       6%          1
 Ensorcelled Hibernation  Hex/Ice        26%        N/A       8%          2
 Summon Ice Beast         Ice/Summ       13%        N/A       32%         4
 Animate Dead             Necr           6%         N/A       34%         4
 Borgnjor's Vile Clutch   Necr/Erth      6%         N/A       61%         5
 Summon Mana Viper        Hex/Summ       12%        N/A       63%         5
 Death Channel            Necr           6%         N/A       98%         6
 Monstrous Menagerie      Summ           6%         N/A       100%        7


Dungeon Overview and Level Annotations

Branches:
Dungeon (12/15)            Temple (1/1) D:4            Lair (0/6) D:10
    Orc (0/2) D:9           Sewer (visited)

Altars:
Ashenzari
Cheibriados
Dithmenos
Elyvilon
Fedhas
Gozag
Hepliaklqana
Kikubaaqudgha
Makhleb
Nemelex Xobeh
Okawaru
Qazlal
Ru
Sif Muna
Trog
Uskayaw
Vehumet
Wu Jian
Xom
Yredelemnul
Zin
The Shining One

Shops:
D:1 [   D:4 *   D:6 [**   D:7 *

Annotations:
D:6 3 runed translucent doors, Nato's ghost, novice TrBe
D:7 1 runed translucent door, JamezByez's ghost, novice MiBe
D:9 2 transporters, garrulousMonolith's ghost, novice HOFi
D:11 3 runed translucent doors, Alvadar's ghost, journeyman DsFE


Innate Abilities, Weirdness & Mutations

You are a venomous arachnid creature.
You have poisonous fangs.
You are tiny and dextrous.
Your spellcasting is less reliable in this form.
Your armour is entirely melded.
You are incapable of wielding weapons or throwing items.
You cannot wear most types of armour.
((You are amphibious.))
You can wear up to eight rings at the same time.
((Your skin changes colour to match your surroundings (Stealth+).))
((Your rubbery body absorbs attacks. (AC +1, EV +1)))
((You are camouflaged near water. (Stealth+)))
((You have tentacles for arms and can constrict up to eight enemies at once.))
Your mind is acute. (Int +2)


Message History

You hit the boulder beetle but do no damage.
The boulder beetle looks even sicker.
The boulder beetle is lightly wounded.
The boulder beetle misses you.
Unknown command.
Unknown command.
You hit the boulder beetle but do no damage.
The boulder beetle is lightly wounded.
The boulder beetle bites you.
* * * LOW HITPOINT WARNING * * *
Unknown command.
Press: ? - help, v - describe, . - travel
Here: a boulder beetle (lightly wounded, very poisoned)
The floor.
Unknown command.
You hit the boulder beetle but do no damage.
The boulder beetle is lightly wounded.
Unknown command.
You hit the boulder beetle but do no damage.
The boulder beetle is lightly wounded.
The boulder beetle closely misses you.
Unknown command.
You hit the boulder beetle.
The boulder beetle is lightly wounded.
The boulder beetle completely misses you.
Unknown command.
You hit the boulder beetle but do no damage.
The boulder beetle looks as sick as possible!
The boulder beetle is lightly wounded.
You block the boulder beetle's attack.
Unknown command.
The boulder beetle curls into a ball and begins rolling!
Okay, then.
Blink to where?
Press: ? - help, Dir - move target
As you read the scroll of blinking, it crumbles to dust.
As you read the scroll of teleportation, it crumbles to dust.
You feel strangely unstable. The boulder beetle hits you!!!
Ouch! That really hurt!
You die...

########.##### #.....)
#........#############
#°##....(.............
##○##.#######...#######
#..○#°# #...#......
#.°.#.#######...#......
#...#○#.....#...#......
#(..#B#.....#...#......
#....>s..............}.
#...###.....#...#......
#...# #.....#...#......
#...# #.....#...######.
#.....#...# #.
#######...# #. ##### #.
#. ##


You could see a boulder beetle (rolling, very poisoned).

Vanquished Creatures
  Erolcha (D:10)
  A hydra (D:11)
  A boulder beetle (D:8)
  5 two-headed ogres
  A cyclops (D:11)
  A manticore (D:12)
  7 centaur zombies
  2 unseen horrors
  Psyche (D:8)
  A kobold demonologist (D:8)
  Maggie (D:8)
  A komodo dragon (D:11)
  4 trolls
  2 hornets (D:9)
  Prince Ribbit (D:6)
  6 slime creatures
  A meliai zombie (D:11)
  A vampire (D:11)
  2 shadows
  10 yaks
  4 wyverns
  3 wraiths
  Eustachio (D:6)
  3 vampire mosquitoes (D:11)
  3 wargs (D:10)
  An acid dragon (D:9)
  Menkaure (D:6)
  2 water moccasins
  2 ice beasts
  5 orc warriors
  A necrophage (D:2)
  2 centaurs
  An ogre (D:4)
  8 kobold brigands
  A gnoll sergeant (D:10)
  3 scorpions
  12 killer bees
  2 water moccasin skeletons (D:5)
  7 wights (D:6)
  5 howler monkeys
  3 bullfrog skeletons
  3 centaur skeletons
  5 orc priests
  2 gnoll shamans
  A hound (D:6)
  Terence (D:3)
  4 iguanas
  Natasha (D:3)
  5 orc wizards
  A hound skeleton (D:4)
  2 howler monkey zombies
  4 adders
  12 gnolls
  A howler monkey skeleton (D:6)
  3 river rats (Sewer)
  4 white imps
  A worm (D:4)
  34 orcs
  6 bats
  6 endoplasms
  A giant cockroach (D:3)
  5 goblins
  3 hobgoblins
  A jackal (Sewer)
  18 kobolds
  4 quokkas
  6 ball pythons
  3 frilled lizards
  8 rats
265 creatures vanquished.

Vanquished Creatures (others)
  A bush (D:4)
  A fungus (D:6)
  21 plants
23 creatures vanquished.

Grand Total: 288 creatures vanquished

Notes
Turn   | Place    | Note
-------+----------+-------------------------------------------
     0 | D:1      | ytrimaz the Octopode Transmuter began the quest for the
                  | Orb.
     0 | D:1      | Reached XP level 1. HP: 13/13 MP: 3/3
   522 | D:1      | Reached XP level 2. HP: 18/18 MP: 3/5
   545 | D:1      | Found Xybb's Armour Boutique.
  1197 | D:2      | Learned a level 2 spell: Wereblood
  1338 | D:2      | Reached XP level 3. HP: 22/23 MP: 4/6
  1342 | D:2      | Learned a level 3 spell: Spider Form
  1478 | D:2      | Found a hazy altar of Hepliaklqana.
  1480 | D:2      | Noticed a necrophage
  1506 | D:2      | Killed a necrophage
  1507 | D:2      | Reached XP level 4. HP: 14/29 MP: 4/8
  1509 | D:2      | Reached XP level 5. HP: 19/34 MP: 4/9
  1516 | D:2      | Learned a level 4 spell: Ice Form
  2319 | D:3      | Noticed Natasha
  2335 | D:3      | Killed Natasha
  2336 | D:3      | Reached skill level 4 in Unarmed Combat
  2442 | D:3      | Noticed Terence
  2459 | D:3      | Killed Terence
  2977 | D:4      | Noticed an ogre
  2982 | D:4      | Reached XP level 6. HP: 39/39 MP: 6/11
  3021 | D:4      | Found a glowing drain.
  3034 | Sewer    | Entered a sewer
  3229 | Sewer    | Reached XP level 7. HP: 37/45 MP: 11/13
  3485 | Sewer    | Found a white marble altar of Elyvilon.
  3586 | D:4      | Found a basalt altar of Yredelemnul.
  3652 | D:4      | Found a staircase to the Ecumenical Temple.
  3778 | Temple   | Entered the Ecumenical Temple
  3983 | Temple   | Became a worshipper of Ashenzari the Shackled
  4467 | D:4      | Reached skill level 5 in Unarmed Combat
  4543 | D:4      | Found Tiutaipp's Assorted Antiques.
  4551 | D:4      | Bought a scroll labelled KOR QIUNEJOAX for 19 gold pieces
  4846 | D:5      | Entered Level 5 of the Dungeon
  5448 | D:5      | Gained mutation: Your mind is acute. (Int +2) [potion of
                  | mutation]
  6160 | D:5      | Reached skill level 1 in Poison Magic
  6160 | D:5      | Reached XP level 8. HP: 22/52 MP: 11/14
  6180 | D:5      | Identified a scroll of acquirement
  6180 | D:5      | Acquired the amulet "Fitul" {Reflect rElec rC+ Str-5 Int+2
                  | SH+5}
  6385 | D:5      | Found a radiant altar of Vehumet.
  6978 | D:6      | Found Sidoawyje's Antique Weapon Boutique.
  7038 | D:6      | Reached skill level 5 in Transmutations
  7132 | D:6      | Found Zasarr's Assorted Antiques.
  7132 | D:6      | Noticed Eustachio
  7135 | D:6      | Noticed a wyvern
  7141 | D:6      | Noticed Prince Ribbit
  7143 | D:6      | Killed Eustachio
  7144 | D:6      | Reached skill level 6 in Unarmed Combat
  7144 | D:6      | Reached skill level 5 in Spellcasting
  7194 | D:5      | Killed a wyvern
  7618 | D:6      | Killed Prince Ribbit
  7619 | D:6      | Reached skill level 1 in Shields
  7714 | D:6      | Reached XP level 9. HP: 17/58 MP: 17/17
  7723 | D:6      | HP: 2/58 [poisoned by a scorpion]
  8147 | D:6      | Reached skill level 7 in Unarmed Combat
  8183 | D:6      | Reached * piety under Ashenzari
  8187 | D:6      | Found Werij's Armour Emporium.
  8502 | D:6      | Found Udoplal's Assorted Antiques.
  8507 | D:6      | Bought a glowing ivory ring for 135 gold pieces
  8676 | D:6      | Noticed Menkaure
  8682 | D:6      | Killed Menkaure
  8817 | D:6      | Found a runed translucent gate.
  8825 | D:6      | Found a runed translucent gate.
  8827 | D:6      | Found a runed translucent gate.
  8827 | D:6      | Noticed Nato's ghost (novice TrBe)
  9896 | D:7      | Found Eracsyph's Neck Hole.
  9911 | D:7      | Noticed JamezByez's ghost (novice MiBe)
  9914 | D:7      | Found a runed translucent door.
 10367 | D:7      | Found a glowing golden altar of the Shining One.
 10464 | D:7      | Found a bloodstained altar of Trog.
 10482 | D:7      | Found a shadowy altar of Dithmenos.
 10485 | D:7      | Acquired 928 gold pieces
 10556 | D:6      | Bought the +3 hat of Pondering {ponderous, Will+ MP+10
                  | Int+5} for 495 gold pieces
 10556 | D:6      | Found the +3 hat of Pondering {ponderous, Will+ MP+10
                  | Int+5}
 10820 | D:8      | Noticed a two-headed ogre
 10826 | D:8      | Killed a two-headed ogre
 10827 | D:8      | Reached skill level 8 in Unarmed Combat
 11012 | D:8      | Noticed a kobold demonologist
 11025 | D:8      | Noticed a sun demon
 11033 | D:8      | Reached skill level 5 in Fighting
 11033 | D:8      | Reached XP level 10. HP: 25/68 MP: 21/21
 11033 | D:8      | Noticed Psyche
 11296 | D:8      | Killed a kobold demonologist
 11399 | D:8      | Noticed a boulder beetle
 11426 | D:8      | Killed a boulder beetle
 11676 | D:8      | Killed Psyche
 11677 | D:8      | Reached skill level 9 in Unarmed Combat
 11700 | D:8      | Reached skill level 5 in Poison Magic
 12127 | D:8      | Noticed Maggie
 12139 | D:8      | Killed Maggie
 12347 | D:9      | Noticed a two-headed ogre
 12360 | D:9      | Killed a two-headed ogre
 12361 | D:9      | Reached XP level 11. HP: 30/75 MP: 23/23
 12597 | D:9      | Noticed a tengu warrior
 12604 | D:9      | Found a transporter.
 12604 | D:9      | Noticed a moth of wrath
 12617 | D:9      | Noticed a two-headed ogre
 12627 | D:9      | Found a transporter.
 12633 | D:9      | Found a bloodstained altar of Trog.
 12633 | D:9      | Noticed a two-headed ogre
 12636 | D:9      | Noticed garrulousMonolith's ghost (novice HOFi)
 12646 | D:9      | Noticed a two-headed ogre
 13042 | D:9      | Found a staircase to the Orcish Mines.
 13181 | D:10     | Entered Level 10 of the Dungeon
 13694 | D:9      | Reached skill level 10 in Unarmed Combat
 13741 | D:9      | Noticed a two-headed ogre
 13779 | D:9      | Killed a two-headed ogre
 14653 | D:10     | Noticed Erolcha
 14662 | D:10     | Killed Erolcha
 14665 | D:10     | Reached ** piety under Ashenzari
 15107 | D:10     | Found a shimmering blue altar of Sif Muna.
 15182 | D:10     | Found a staircase to the Lair.
 15626 | D:11     | Noticed a cyclops
 15640 | D:11     | Killed a cyclops
 15644 | D:11     | Noticed a two-headed ogre
 15658 | D:11     | Reached XP level 12. HP: 15/84 MP: 26/26
 15659 | D:11     | HP: 3/100 [meliai zombie (8)]
 16182 | D:11     | Noticed a two-headed ogre
 16187 | D:11     | Killed a two-headed ogre
 16198 | D:11     | Killed a two-headed ogre
 16199 | D:11     | Reached skill level 11 in Unarmed Combat
 16445 | D:11     | Noticed a four-headed hydra
 16459 | D:11     | Killed a four-headed hydra
 16698 | D:11     | Found a runed translucent gate.
 16700 | D:11     | Found a runed translucent gate.
 16701 | D:11     | Found a runed translucent gate.
 16702 | D:11     | Noticed Alvadar's ghost (journeyman DsFE)
 18571 | D:11     | Reached skill level 5 in Dodging
 19268 | D:12     | Noticed a boulder beetle
 19290 | D:12     | Annihilated by a boulder beetle

Illustrated notes

Levels and vault maps discovered:
D:1:      erik_arrival_cave_to_civilisation [erik_arrival_cave_to_hall],
          layout_basic, serial_shops, shop
D:2:      layout_rooms, basic_altar
D:3:      layout_basic, uniq_terence, uniq_natasha
D:4:      layout_loops_ring, mainiacjoe_overflow_catwalk,
          lemuel_temple_firewalk_b, cheibrodos_sewer_entry_sluice, serial_shops,
          shop, serial_forest, infiniplex_forest_clump_curved,
          infiniplex_forest_clump_double, infiniplex_forest_straight_2,
          infiniplex_forest_clump_C, infiniplex_forest_clump_large,
          infiniplex_forest_clump_curved, infiniplex_forest_lined_ring,
          infiniplex_forest_straight_1, infiniplex_forest_zigzag_1,
          infiniplex_forest_lined_3, minivault_24
D:5:      layout_basic, lemuel_doored_altar
D:6:      layout_cave_pools, gammafunk_ghost_nasty_kobolds, serial_shops,
          kennysheep_little_box, shop, nicolae_shop_overgrown_old_shop, shop,
          mrwooster_statue_mirror, uniq_prince_ribbit1, uniq_eustachio,
          uniq_menkaure
D:7:      layout_loops_ring, marbit_many_paths,
          mainiacjoe_overflow_large_starburst, hellmonk_ghost_happy_afterlife,
          nrook_uturn, nicolae_shop_sticking_my_neck_out
D:8:      layout_rooms, special_room [special_room_kobold],
          minmay_misc_feat_iff, minmay_misc_feat_doors, uniq_maggie, uniq_psyche
D:9:      layout_loops_ring, david_orc_2, gammafunk_ghost_wrathful_warriors,
          minmay_increasing_density
D:10:     layout_loops_ring, lemuel_round_altar, erik_lair_orcish_takeover,
          kennysheep_path_1, uniq_erolcha
D:11:     layout_loops_ring, ebering_ghost_rock_garden, minmay_alternating_orb
D:12:     layout_basic
Temple:   eino_temple_rhombus

Skill      XL: |  1  2  3  4  5  6  7  8  9 10 11 12 |
---------------+-------------------------------------+-----
Transmutations | 3 4 5 6 7 8 9 |  9.4
Spellcasting   | 3 4 5 6 7 8 9 |  9.1
Fighting       | 2 3 4 5 6 7 |  7.8
Unarmed Combat | 4 5 6 8 9 10 11 | 11.7
Poison Magic   | 1 3 5 7 8 |  8.3
Shields        | 1 |  1.3
Dodging        | 3 4 5 |  5.1

Action                   |  1- 3 |  4- 6 |  7- 9 | 10-12 || total
-------------------------+-------+-------+-------+-------++-------
Melee: Unarmed           |    62 |    75 |   312 |   525 ||   974
       Constrict         |    10 |     9 |    11 |     1 ||    31
       Kick              |    11 |     2 |     7 |       ||    20
       Tentacles         |     4 |     4 |    15 |       ||    23
       Punch             |     1 |     2 |     1 |       ||     4
 Cast: Beastly Appendage |    15 |     5 |    13 |     1 ||    34
       Wereblood         |     1 |     1 |     4 |    11 ||    17
       Spider Form       |       |     3 |    20 |     8 ||    31
       Ice Form          |       |       |    11 |    47 ||    58
Invok: Curse Item        |       |       |     3 |     2 ||     5
  Use: Potion            |     2 |     2 |     9 |     8 ||    21
       Scroll            |     1 |     3 |    11 |     4 ||    19
 Stab: Sleeping          |     2 |     2 |     5 |       ||     9
Armor: Skin              |    18 |    20 |   110 |   117 ||   265
Dodge: Dodged            |    67 |    40 |   248 |   338 ||   693
Block: Other             |       |       |    43 |   102 ||   145
       Reflection        |       |       |       |     1 ||     1

Table legend: (Time is in decaauts)
 A = Elapsed time spent in this place.
 B = Non-inter-level travel time spent in this place.
 C = Inter-level travel time spent in this place.
 D = Time resting spent in this place.
 E = Time spent auto-exploring this place.
 F = Levels seen in this place.
 G = Mean time per level.
                   A        B        C        D        E       F      G
               +--------+--------+--------+--------+--------+-----+--------+
         Total |  19348 |  18752 |    596 |   4448 |  11475 |  14 | 1382.0 |
       Dungeon |  18633 |  18076 |    557 |   4221 |  11124 |  12 | 1552.8 |
        Temple |    216 |    177 |     39 |      0 |    163 |   1 |  216.0 |
         Sewer |    498 |    498 |      0 |    226 |    188 |   1 |  498.0 |
               +--------+--------+--------+--------+--------+-----+--------+

Top non-repeatable levels by time:
     D:5: 2840 daAuts
    D:11: 2249 daAuts
     D:9: 1952 daAuts
    D:10: 1801 daAuts
     D:6: 1628 daAuts
     D:4: 1577 daAuts
     D:8: 1511 daAuts
     D:1: 1190 daAuts
     D:3: 1071 daAuts
    D:12: 1056 daAuts
     D:7: 1047 daAuts
     D:2: 704 daAuts
   Sewer: 498 daAuts
  Temple: 216 daAuts
